 Dungeon Crawl Stone Soup version 0.22.0-49-gab54619 (webtiles) character file.

908 jojo4000 the Fighter (level 7, -2/102 HPs)
             Began as a Minotaur Berserker on Sept 9, 2018.
             Was a Priest of Trog.
             Splashed by a jelly's acid (9 damage)
             ... on level 5 of the Dungeon.
             The game lasted 00:21:25 (3763 turns).

jojo4000 the Fighter (Minotaur Berserker)           Turns: 3763, Time: 00:21:29

Health: -2/102     AC: -7    Str: 28    XL:     7   Next: 81%
Magic:  6/6        EV:  8    Int:  4    God:    Trog [***...]
Gold:   140        SH:  0    Dex: 10    Spells: 6/6 levels left

rFire    . . .     SeeInvis .     - Unarmed
rCold    . . .     Gourm    .   (no shield)
rNeg     . . .     Faith    .   w - +0 plate armour
rPois    .         Spirit   .   (helmet restricted)
rElec    .         Reflect  .   (no cloak)
rCorr    .         Harm     .   (no gloves)
MR       .....                  (no boots)
Stlth    ..........             m - amulet of magic regeneration
HPRegen  0.27/turn              (no ring)
MPRegen  0.35/turn              l - ring of wizardry

@: berserking, corroded, very quick
A: retaliatory headbutt, horns 2
a: Berserk, Trog's Hand, Renounce Religion


You were on level 5 of the Dungeon.
You worshipped Trog.
Trog was most pleased with you.
You were not hungry.

You visited 1 branch of the dungeon, and saw 5 of its levels.

You collected 140 gold pieces.

Inventory:

Armour
 g - a +0 plate armour
 o - a +0 ring mail
 w - a +0 plate armour (worn)
 y - a +0 scale mail
Jewellery
 a - an uncursed ring of attention
 l - a ring of wizardry (right hand)
 m - an amulet of magic regeneration (around neck)
Wands
 s - a wand of scattershot (6)
 A - a wand of polymorph (6)
Scrolls
 b - 7 scrolls of teleportation
 c - 2 scrolls of remove curse
 h - 2 scrolls of enchant armour {unknown}
 k - a scroll of immolation {unknown}
 n - 8 scrolls of identify {unknown}
 q - a scroll of noise {unknown}
 t - a scroll of enchant weapon {unknown}
 v - 2 scrolls of fear {unknown}
 x - a scroll of magic mapping {unknown}
 z - a scroll of amnesia {unknown}
Potions
 e - a potion of curing
 f - a potion of berserk rage
 i - 2 potions of brilliance {unknown}
 j - 3 potions of agility
 p - 2 potions of lignification {unknown}
 r - a potion of magic {unknown}
 u - 2 potions of flight {unknown}
 B - a potion of cancellation {unknown}
 C - a potion of might {unknown}
Comestibles
 d - 5 chunks of flesh
 D - a ration


   Skills:
 - Level 8.0 Fighting
 * Level 5.5 Armour
 - Level 2.4 Dodging
 + Level 6.4 Unarmed Combat


You had 6 spell levels left.
You didn't know any spells.
Your spell library was empty.

Dungeon Overview and Level Annotations

Branches:
Dungeon (5/15)
 Temple: D:4-7

Altars:
Makhleb
Xom
Yredelemnul


Innate Abilities, Weirdness & Mutations

You reflexively headbutt those who attack you in melee.
You have a pair of horns on your head.


Message History

The jelly is almost dead.
The jelly hits you. The acid corrodes you!
You are splashed with acid!
The acid burns!
* * * LOW HITPOINT WARNING * * *
A red film seems to cover your vision as you go berserk!
You feel yourself moving faster!
You feel mighty! The jelly hits you.
* * * LOW HITPOINT WARNING * * *
You are splashed with acid!
The acid burns!
* * * LOW HITPOINT WARNING * * *
You hit the jelly but do no damage. The acid corrodes you!
Your hands burn!
* * * LOW HITPOINT WARNING * * *
You headbutt the jelly.
The jelly is almost dead.
You hit the jelly but do no damage.
Your hands burn!
* * * LOW HITPOINT WARNING * * *
The jelly is almost dead.
The jelly hits you.
* * * LOW HITPOINT WARNING * * *
You are splashed with acid!
The acid burns!
You die...

#.# #.. #.# #.# #.#
#.#### #
#####.####....#..###
#.....)............#
#.###.####....#..#.#
#..###.......#
#.###...#######....
#....@.## ###.#
#####J## # #.# #.#
#.# ... ... ...


You could see a jelly.

Vanquished Creatures
  The ghost of Anon1729 the Sneak, an amateur NaMo (D:4)
  Menkaure (D:5)
  An ogre (D:4)
  A scorpion (D:4)
  3 hounds
  An orc priest (D:3)
  Ijyb (D:5)
  2 orc wizards
  A worker ant (D:4)
  A hound skeleton (D:4)
  7 adders
  A shadow imp (D:5)
  2 oozes (D:1)
  3 worms (D:2)
  3 dart slugs
  A leopard gecko (D:2)
  13 orcs
  4 ball pythons
  11 bats
  3 giant cockroaches
  9 goblins
  12 hobgoblins
  2 jackals (D:4)
  6 kobolds
  6 frilled lizards
  A quokka skeleton (D:4)
  7 rats (D:1)
  A spectral orc (D:4)
105 creatures vanquished.

Notes
Turn   | Place    | Note
-------+----------+-------------------------------------------
     0 | D:1      | jojo4000 the Minotaur Berserker began the quest for the
                  | Orb.
     0 | D:1      | Reached XP level 1. HP: 19/19 MP: 0/0
    52 | D:1      | Reached XP level 2. HP: 17/27 MP: 1/1
    64 | D:1      | Reached skill level 4 in Fighting
   347 | D:1      | Reached XP level 3. HP: 33/33 MP: 2/2
   384 | D:1      | Reached ** piety under Trog
  1135 | D:2      | Reached skill level 5 in Fighting
  1224 | D:2      | Found a burning altar of Makhleb.
  1341 | D:2      | Reached XP level 4. HP: 42/42 MP: 3/3
  1836 | D:2      | Reached skill level 6 in Fighting
  1977 | D:3      | Reached XP level 5. HP: 51/51 MP: 4/4
  2346 | D:3      | Reached *** piety under Trog
  2347 | D:3      | Reached skill level 7 in Fighting
  2930 | D:4      | Reached XP level 6. HP: 57/61 MP: 5/5
  3001 | D:4      | Found a transporter.
  3002 | D:4      | Noticed Anon1729's ghost (amateur NaMo)
  3007 | D:4      | Found a transporter.
  3010 | D:4      | Reached skill level 8 in Fighting
  3071 | D:4      | Killed Anon1729's ghost
  3071 | D:4      | Reached skill level 5 in Unarmed Combat
  3071 | D:4      | Reached XP level 7. HP: 68/68 MP: 6/6
  3230 | D:4      | Found a basalt altar of Yredelemnul.
  3411 | D:5      | Entered Level 5 of the Dungeon
  3416 | D:5      | Noticed Ijyb
  3442 | D:5      | Killed Ijyb
  3479 | D:5      | Noticed Menkaure
  3485 | D:5      | Killed Menkaure
  3485 | D:5      | Reached skill level 5 in Armour
  3729 | D:5      | Found a shimmering altar of Xom.
  3731 | D:5      | Found a shimmering altar of Xom.
  3731 | D:5      | Found a shimmering altar of Xom.
  3731 | D:5      | Found a shimmering altar of Xom.
  3763 | D:5      | Splashed by a jelly's acid

Skill      XL: |  1  2  3  4  5  6  7 |
---------------+----------------------+-----
Fighting       | 4 5 6 7 8 |  8.0
Armour         | 4 5 |  5.5
Unarmed Combat | 5 6 |  6.4
Dodging        | |  2.4

Action                   |  1- 3 |  4- 6 |  7- 9 || total
-------------------------+-------+-------+-------++-------
Melee: Unarmed           |    93 |   129 |    78 ||   300
       Headbutt          |    14 |    20 |    10 ||    44
       Punch             |       |       |     2 ||     2
Invok: Berserk           |       |     2 |     2 ||     4
       Trog's Hand       |       |     2 |     1 ||     3
  Use: Potion            |     4 |       |       ||     4
       Scroll            |       |     2 |       ||     2
  Eat: Ration            |     2 |     1 |     2 ||     5
Armor: Animal skin       |     3 |       |       ||     3
       Plate armour      |    35 |    81 |    25 ||   141
Dodge: Dodged            |    37 |    51 |    18 ||   106
